[Event "Late Titled Tuesday Blitz February 8 2022"]
[White "yondaymebr"]
[Black "Tang, Andrew"]
[BlackFideId "2059630"]
[WhiteElo "2534"]
[BlackElo "2946"]
[Result "0-1"]
[Round "03"]
[TimeControl "180+1"]
[Date "2022.02.09"]
[WhiteClock "0:00:03"]
[BlackClock "0:01:22"]

1. c4 e6 2. Nf3 d5 3. e3 Nf6 4. Nc3 Be7 5. b3 O-O 6. Bb2 c5 7. cxd5 Nxd5 8. Nxd5 Qxd5 9. Bc4 Qh5 10. g4 Qh3 11. Rg1 Nc6 12. Rg3 Qh6 13. g5 Qh5 14. h4 Bd6 15. Rg1 e5 16. Be2 e4 17. Nd4 Qxh4 18. Nxc6 bxc6 19. Qc2 Re8 20. O-O-O Qxf2 21. Bc4 Be6 22. Qc3 Bf8 23. Rdf1 Qh2 24. Rh1 Qd6 25. g6 hxg6 26. Rh4 Bxc4 27. Rfh1 f6 28. Qxc4+ Qd5 29. Qc3 a5 30. Rh8+ Kf7 31. R1h7 Re6 32. Rh3 a4 33. R8h7 axb3 34. axb3 Qd3 35. Qc4 Qxc4+ 36. bxc4 Ra4 37. Kc2 Rxc4+ 38. Kb3 Rb4+ 39. Kc2 c4 40. Bc3 Ra4 41. Rh1 g5 42. R7h2 Bd6 43. Rf2 Be5 44. Rb1 Bxc3 45. Kxc3 Rd6 46. Rb7+ Kg6 47. d4 cxd3 48. Rb3 Rd5 49. Rfb2 Rc5+ 50. Kd2 Rac4 51. Ke1 Rc1+ 52. Kf2 R5c2+ 53. Rxc2 Rxc2+ 54. Kg3 d2 55. Rb7 d1=Q 56. Kh3 Qf3# 0-1


[Site "https://www.chess.com"]

[Event "Late Titled Tuesday Blitz February 8 2022"]
[White "Aggelis, Nikolaos"]
[Black "Daianu, Cristian-Clement"]
[WhiteFideId "4213220"]
[BlackFideId "1208926"]
[WhiteElo "2154"]
[BlackElo "2159"]
[Result "0-1"]
[Round "04"]
[TimeControl "180+1"]
[Date "2022.02.09"]
[WhiteClock "0:01:43"]
[BlackClock "0:01:23"]

1. d4 d5 2. g3 e6 3. Bg2 Nf6 4. Nf3 Be7 5. O-O O-O 6. c4 c6 7. Nbd2 Nbd7 8. b3 Ne4 9. Bb2 f5 10. Ne5 Nxe5 11. dxe5 Bd7 12. f3 Nxd2 13. Qxd2 Be8 14. Qc2 f4 15. g4 Bg6 16. Qc3 a5 17. a3 Bc5+ 18. Kh1 Qb6 19. Rac1 Be3 20. Rcd1 d4 21. Rxd4 Bxd4 22. Qxd4 Qxd4 23. Bxd4 Rad8 24. Bc5 Rf7 25. Bd6 h5 26. h3 hxg4 27. fxg4 Bc2 28. b4 axb4 29. axb4 Ra8 30. Rc1 Bb3 31. b5 Ra2 32. bxc6 bxc6 33. Bxc6 Rxe2 34. c5 f3 35. Bb5 Bd5 36. Bxe2 fxe2+ 37. Kg1 Bc4 0-1


[Site "https://www.chess.com"]

[Event "Late Titled Tuesday Blitz February 8 2022"]
[White "Ambartsumova, Karina"]
[Black "Okike, David"]
[WhiteFideId "4166299"]
[BlackFideId "8500134"]
[WhiteElo "2262"]
[BlackElo "2232"]
[Result "1-0"]
[Round "04"]
[TimeControl "180+1"]
[Date "2022.02.09"]
[WhiteClock "0:00:14"]
[BlackClock "0:00:30"]

1. c4 e5 2. Nc3 Bb4 3. Qc2 c6 4. Nf3 d6 5. a3 Ba5 6. b4 Bc7 7. d3 Nf6 8. g3 O-O 9. Bg2 Re8 10. O-O Nbd7 11. Bb2 Nf8 12. Nd2 Bg4 13. Rfe1 Qd7 14. Nde4 Nxe4 15. Nxe4 h6 16. a4 Bh3 17. Bh1 Ne6 18. b5 d5 19. Nd2 f5 20. Rac1 Rac8 21. cxd5 cxd5 22. Qb3 Red8 23. Nf3 e4 24. Ne5 Qe8 25. Red1 Nf8 26. Rxc7 Rxc7 27. dxe4 fxe4 28. Bxe4 Kh8 29. Bxd5 Be6 30. e4 Bxd5 31. exd5 Ng6 32. d6 Rcd7 33. Nxd7 Rxd7 34. Qd3 Qf7 35. Qd4 Kh7 36. h4 b6 37. Qe4 Kg8 38. Qc6 Ne5 39. Bxe5 Qe6 40. Qe4 Kf7 41. Qf3+ Kg8 42. Qd5 Kf7 43. f4 g5 44. hxg5 hxg5 45. f5 Qxd5 46. Rxd5 Rd8 47. d7 Ke7 48. f6+ Ke6 49. Rd1 g4 50. Bc7 Rxd7 51. Rxd7 Kxd7 52. Be5 Ke6 53. Bb2 Kf7 54. Kf2 1-0


[Site "https://www.chess.com"]

[Event "Late Titled Tuesday Blitz February 8 2022"]
[White "Andreikin, Dmitry"]
[Black "Makarian, Rudik"]
[WhiteFideId "4158814"]
[BlackFideId "44105681"]
[WhiteElo "2736"]
[BlackElo "2486"]
[Result "1-0"]
[Round "04"]
[TimeControl "180+1"]
[Date "2022.02.08"]
[WhiteClock "0:00:04"]
[BlackClock "0:00:02"]

1. d4 Nf6 2. c4 e6 3. Nf3 d5 4. Nc3 dxc4 5. e4 b5 6. e5 Nd5 7. Nxb5 Nb6 8. Be2 Nc6 9. O-O Be7 10. Qd2 O-O 11. Qf4 Bb7 12. Qg4 Kh8 13. Rd1 Nb4 14. Ng5 Bxg5 15. Bxg5 Qd7 16. Na3 f5 17. Qh4 Bd5 18. Rac1 Nxa2 19. Rc2 Nb4 20. Rc3 Nd3 21. b3 Be4 22. Nxc4 Nxc4 23. bxc4 Nb2 24. Rd2 Rab8 25. Rh3 f4 26. Bxf4 Nxc4 27. Rd1 Nb2 28. Re1 Bf5 29. Bg4 Qf7 30. d5 Rfe8 31. d6 Nd3 32. Bh5 Nxe1 33. Bxf7 Rb1 34. g4 Nf3+ 35. Kg2 Nxh4+ 36. Rxh4 Be4+ 37. f3 Rf8 38. dxc7 Bb7 39. Bxe6 Rxf4 40. c8=Q+ Bxc8 41. Bxc8 Re1 42. Bf5 Rxe5 43. Bxh7 g5 44. Rh5 Kg7 45. Be4 a5 46. h4 Rexe4 47. Rxg5+ Kf6 48. fxe4 Rxe4 49. Kf3 Ra4 50. Rf5+ Ke6 51. h5 Ra1 52. Kf4 a4 53. Kg5 a3 54. Ra5 a2 55. Ra7 Ke5 56. h6 Ke6 57. h7 Rh1 58. Kg6 a1=Q 59. Rxa1 1-0


[Site "https://www.chess.com"]

[Event "Late Titled Tuesday Blitz February 8 2022"]
[White "Ardila, Oscar Humberto"]
[Black "Kouskoutis, Georgios-Alexandros"]
[WhiteFideId "4404742"]
[BlackFideId "4234049"]
[WhiteElo "1898"]
[BlackElo "2130"]
[Result "0-1"]
[Round "04"]
[TimeControl "180+1"]
[Date "2022.02.09"]
[WhiteClock "0:00:12"]
[BlackClock "0:00:06"]

1. d4 Nf6 2. c4 e6 3. Nc3 Bb4 4. Bd2 O-O 5. Nf3 b6 6. e3 Bb7 7. Be2 d6 8. O-O Nbd7 9. Rc1 Bxc3 10. Bxc3 Ne4 11. Be1 f5 12. Nd2 Qg5 13. Nxe4 fxe4 14. Bg4 Rf6 15. d5 Nf8 16. dxe6 Nxe6 17. Bc3 Rg6 18. Bh3 Nc5 19. Rc2 Rf8 20. Kh1 Nd3 21. Rd2 Qh4 22. b4 Nxf2+ 23. Rdxf2 Rxf2 24. c5 h6 25. cxd6 Rxd6 26. Qe1 Rxf1+ 27. Qxf1 Qh5 28. Bd4 c5 29. bxc5 bxc5 30. Qc4+ Bd5 31. Qxc5 Qd1# 0-1


[Site "https://www.chess.com"]

[Event "Late Titled Tuesday Blitz February 8 2022"]
[White "Baches Garcia, Guillermo"]
[Black "volunteers1998"]
[WhiteFideId "2209764"]
[WhiteElo "2446"]
[BlackElo "2229"]
[Result "1-0"]
[Round "04"]
[TimeControl "180+1"]
[Date "2022.02.09"]
[WhiteClock "0:00:30"]
[BlackClock "0:00:01"]

1. e4 c5 2. Nf3 Nc6 3. d4 cxd4 4. Nxd4 Nf6 5. Nc3 e5 6. Ndb5 d6 7. Bg5 a6 8. Na3 b5 9. Nd5 Be7 10. Bxf6 Bxf6 11. c4 b4 12. Nc2 a5 13. g3 O-O 14. h4 Be6 15. Bh3 Rc8 16. Kf1 g6 17. Kg2 Bg7 18. h5 f5 19. hxg6 hxg6 20. exf5 gxf5 21. Qh5 Qe8 22. Qxe8 Rcxe8 23. Rad1 Kf7 24. b3 Bxd5+ 25. Rxd5 Ke6 26. Rhd1 Rd8 27. Ne3 Nd4 28. Rxa5 Rf7 29. Ra6 Bh6 30. c5 Bxe3 31. fxe3 Nb5 32. e4 Nd4 33. Bxf5+ Nxf5 34. exf5+ Rxf5 35. Rdxd6+ Rxd6 36. Rxd6+ Ke7 37. Rb6 e4 38. Rxb4 Rxc5 39. Rxe4+ Kd6 40. Re2 Rg5 41. Kh3 Rh5+ 42. Kg4 Rh8 43. Kf4 Rf8+ 44. Ke3 Re8+ 45. Kd3 Rg8 46. Re3 Kc5 47. Kc3 Kb5 48. a4+ Kc5 49. b4+ Kb6 50. Kb3 Kc6 51. a5 Kb5 52. Re5+ Kc6 53. Re6+ Kd5 54. Rb6 Rxg3+ 55. Ka4 Kc4 56. Rc6+ Kd5 57. Rc1 Rg2 58. Kb5 Rg8 59. Rd1+ 1-0


[Site "https://www.chess.com"]

[Event "Late Titled Tuesday Blitz February 8 2022"]
[White "Balint, Vilmos"]
[Black "Risteski, Emil"]
[WhiteFideId "718050"]
[BlackFideId "15005267"]
[WhiteElo "2059"]
[BlackElo "2070"]
[Result "1-0"]
[Round "04"]
[TimeControl "180+1"]
[Date "2022.02.09"]
[WhiteClock "0:00:53"]
[BlackClock "0:00:03"]

1. d4 d6 2. e4 Nf6 3. f3 e5 4. Ne2 Be7 5. Nbc3 c6 6. Be3 b5 7. Qd2 b4 8. Nd1 exd4 9. Nxd4 c5 10. Nf5 Bxf5 11. exf5 O-O 12. Bd3 d5 13. b3 d4 14. Bf2 Nc6 15. O-O Nd5 16. Be4 Bg5 17. Qd3 Ne5 18. Qb5 Qd6 19. Bxd4 Nc7 20. Qxc5 Qxc5 21. Bxc5 Bf6 22. Rb1 Rac8 23. Bxf8 Kxf8 24. Ne3 Be7 25. Kh1 Bc5 26. Ng4 Nxg4 27. fxg4 Nb5 28. Bd3 Nc3 29. Rbe1 Bd4 30. g5 a5 31. f6 gxf6 32. gxf6 Rc6 33. Bxh7 Rxf6 34. Rxf6 Bxf6 35. Bf5 Nxa2 36. Bd7 Be7 37. g3 Nc3 38. h4 Nd5 39. h5 Bf6 40. h6 Kg8 41. Bf5 Ne7 42. Bd3 Kf8 43. g4 Bg5 44. h7 Kg7 45. Re5 Bf6 46. Rxa5 Bc3 47. Ra8 Ng6 1-0


[Site "https://www.chess.com"]

[Event "Late Titled Tuesday Blitz February 8 2022"]
[White "Beerdsen, Thomas"]
[Black "Pichot, Alan"]
[WhiteFideId "1030108"]
[BlackFideId "110973"]
[WhiteElo "2585"]
[BlackElo "2543"]
[Result "0-1"]
[Round "04"]
[TimeControl "180+1"]
[Date "2022.02.08"]
[WhiteClock "0:01:35"]
[BlackClock "0:00:35"]

1. e4 e5 2. Nf3 Nc6 3. d4 exd4 4. Bc4 Nf6 5. O-O Nxe4 6. Nc3 Nxc3 7. bxc3 d5 8. Bb5 Be7 9. cxd4 O-O 10. Bxc6 bxc6 11. Ne5 Qe8 12. Re1 Be6 13. a4 Bd6 14. Ba3 f6 15. Bxd6 cxd6 16. Nxc6 Qxc6 17. Rxe6 Rfe8 18. Qg4 Kf7 19. Qh5+ Kg8 20. Rae1 Rxe6 21. Rxe6 h6 22. Re7 Kh8 23. Qg6 Rg8 24. Rxa7 Qb6 0-1


[Site "https://www.chess.com"]

[Event "Late Titled Tuesday Blitz February 8 2022"]
[White "Bernat, David"]
[Black "Karas, Marek"]
[WhiteFideId "2099225"]
[BlackFideId "14928558"]
[WhiteElo "2279"]
[BlackElo "2270"]
[Result "1-0"]
[Round "04"]
[TimeControl "180+1"]
[Date "2022.02.09"]
[WhiteClock "0:00:07"]
[BlackClock "0:00:06"]

1. c4 e5 2. g3 Nf6 3. Bg2 c6 4. Nf3 e4 5. Nd4 Qb6 6. Nb3 a5 7. d3 a4 8. N3d2 e3 9. fxe3 Ng4 10. Nf1 Bb4+ 11. Nc3 a3 12. Rb1 axb2 13. Bxb2 Nxe3 14. Nxe3 Qxe3 15. Qd2 Qxd2+ 16. Kxd2 Rxa2 17. Kc2 Ra8 18. Ne4 O-O 19. c5 Na6 20. d4 Ba5 21. Ra1 Bc7 22. Bc3 b5 23. Rhb1 Bb7 24. Nd2 f5 25. Nb3 Rfb8 26. Ba5 Bxa5 27. Nxa5 Nc7 28. Nxb7 Rxa1 29. Rxa1 Rxb7 30. e4 fxe4 31. Bxe4 g6 32. Kc3 Kg7 33. Kb4 Ne8 34. Ra8 Nf6 35. Bg2 Ng4 36. d5 cxd5 37. Bxd5 Rc7 38. Kxb5 Ne3 39. Bf3 d6 40. cxd6 Rf7 41. Kc6 Nf5 42. d7 Nd4+ 43. Kd6 Rxd7+ 44. Kxd7 Nxf3 45. Ke6 Nxh2 46. Ke5 Ng4+ 47. Kf4 Nf6 48. Ra7+ Kh6 49. g4 Nd5+ 50. Ke5 Ne3 51. Kf4 Nd5+ 52. Kg3 Ne3 53. Kf3 Nd5 54. g5+ Kxg5 55. Ra5 Kh4 56. Rxd5 g5 57. Rd1 g4+ 58. Kf4 Kh3 59. Rh1+ Kg2 60. Rxh7 g3 61. Rg7 1-0


[Site "https://www.chess.com"]

[Event "Late Titled Tuesday Blitz February 8 2022"]
[White "Bettalli, Francesco"]
[Black "Gurevich, Dmitry"]
[WhiteFideId "2816453"]
[BlackFideId "2000407"]
[WhiteElo "2216"]
[BlackElo "2506"]
[Result "0-1"]
[Round "04"]
[TimeControl "180+1"]
[Date "2022.02.09"]
[WhiteClock "0:00:08"]
[BlackClock "0:00:04"]

1. d4 Nf6 2. Nc3 d5 3. Bf4 a6 4. e3 e6 5. Nf3 c5 6. dxc5 Bxc5 7. Bd3 Nc6 8. O-O Qe7 9. e4 dxe4 10. Nxe4 Nxe4 11. Bxe4 h6 12. Qe2 O-O 13. Rad1 Bd7 14. c3 a5 15. Bb1 Rad8 16. Rfe1 Bc8 17. Qc2 f5 18. Qb3 Kh8 19. Ne5 Nxe5 20. Bxe5 Bd6 21. Bd4 e5 22. Bb6 Bc7 23. Bc2 a4 24. Qb5 Bxb6 25. Qxb6 a3 26. b4 e4 27. Bb3 Rxd1 28. Rxd1 Qe5 29. Qd4 Qxd4 30. Rxd4 g5 31. Kf1 Kg7 32. Ke2 h5 33. Rd6 h4 34. Ke3 Rf6 35. Rd8 Rc6 36. c4 Be6 37. Kd4 Kf6 38. b5 Rc7 39. Ra8 Rd7+ 40. Kc3 f4 41. c5 e3 42. fxe3 fxe3 43. Rf8+ Ke7 44. Rf1 Bxb3 45. Kxb3 Rd2 46. Re1 Rxg2 47. Rxe3+ Kd7 48. Kxa3 Rxh2 49. Rd3+ Kc7 50. Rd6 Rg2 51. b6+ Kc8 52. Rg6 h3 53. Kb4 h2 54. Rh6 Rg4+ 55. Kb5 Rh4 56. Rg6 h1=Q 57. Rg8+ Kd7 58. Rg7+ Ke6 59. Rc7 Qd5 60. a4 Qc4+ 0-1


[Site "https://www.chess.com"]

[Event "Late Titled Tuesday Blitz February 8 2022"]
[White "Bibasa, Bob"]
[Black "Petersson, Kjell"]
[WhiteFideId "10000240"]
[BlackFideId "1705148"]
[WhiteElo "2056"]
[BlackElo "2009"]
[Result "1-0"]
[Round "04"]
[TimeControl "180+1"]
[Date "2022.02.09"]
[WhiteClock "0:00:44"]
[BlackClock "0:00:03"]

1. e4 c5 2. Nf3 d6 3. d4 cxd4 4. Nxd4 Nf6 5. f3 g6 6. c4 Bg7 7. Be3 O-O 8. Nc3 Bd7 9. Be2 a6 10. O-O Nc6 11. Qd2 Rb8 12. Rac1 Ne5 13. b3 Qa5 14. Nd5 Qd8 15. a4 Nxd5 16. cxd5 f5 17. f4 Ng4 18. Bxg4 fxg4 19. a5 Rc8 20. Rxc8 Qxc8 21. Rc1 Qb8 22. b4 Rc8 23. Rf1 Rf8 24. Qd3 Qe8 25. Qc4 Bb5 26. Nxb5 Qxb5 27. Qxb5 axb5 28. Rc1 Kf7 29. Rc7 Rb8 30. Ba7 Ra8 31. Bb6 Rb8 32. Kf1 h5 33. Ba7 Ra8 34. Rxb7 Bc3 35. e5 dxe5 36. d6 Bxb4 37. Rxe7+ Kf6 38. fxe5+ Kf5 39. Bb6 Bc3 40. d7 b4 41. Re8 b3 42. Rxa8 b2 43. Rf8+ Kxe5 44. Bc7+ Ke6 45. Rb8 Kxd7 46. Bg3 Kc6 47. a6 Kc5 48. a7 Bb4 49. Bd6+ Kc6 50. Rxb4 Kxd6 51. Rxb2 1-0


[Site "https://www.chess.com"]

[Event "Late Titled Tuesday Blitz February 8 2022"]
[White "Bilan, Danila"]
[Black "Araujo, Everson De Moura"]
[WhiteFideId "24161918"]
[BlackFideId "22737197"]
[WhiteElo "2164"]
[BlackElo "1861"]
[Result "1-0"]
[Round "04"]
[TimeControl "180+1"]
[Date "2022.02.09"]
[WhiteClock "0:01:16"]
[BlackClock "0:01:20"]

1. d4 d5 2. Nf3 Nf6 3. c4 c6 4. Nc3 a6 5. cxd5 cxd5 6. Bf4 Nc6 7. e3 e6 8. Bd3 Bd6 9. Bg3 O-O 10. O-O b5 11. Rc1 Bb7 12. Bb1 Rc8 13. Ne5 Ne7 14. Bh4 Ng6 15. Bg5 Be7 16. f4 Ne4 17. Nxe4 dxe4 18. Rxc8 Qxc8 19. Nxg6 Bxg5 20. Nxf8 Be7 21. Nxh7 Kxh7 22. f5 Bd5 23. Qg4 Qc6 24. fxe6 Qxe6 25. Qxe6 fxe6 26. Kf2 Bd6 27. g3 e5 28. dxe5 Bxe5 29. b3 a5 30. Rd1 Be6 31. Bxe4+ 1-0


[Site "https://www.chess.com"]

[Event "Late Titled Tuesday Blitz February 8 2022"]
[White "Boros, Denes"]
[Black "Nepomniachtchi, Ian"]
[WhiteFideId "722340"]
[BlackFideId "4168119"]
[WhiteElo "2464"]
[BlackElo "2740"]
[Result "0-1"]
[Round "04"]
[TimeControl "180+1"]
[Date "2022.02.08"]
[WhiteClock "0:00:06"]
[BlackClock "0:01:34"]

1. e4 e5 2. Nf3 Nc6 3. Bb5 a6 4. Ba4 Nf6 5. O-O Be7 6. Qe2 b5 7. Bb3 O-O 8. d4 Nxd4 9. Nxd4 exd4 10. e5 Ne8 11. c3 c5 12. cxd4 c4 13. Bc2 d5 14. f4 f5 15. Be3 Nc7 16. Nd2 b4 17. Kh1 a5 18. Rg1 Ra6 19. b3 c3 20. Nf3 Rh6 21. h3 Ba6 22. Qf2 Ne6 23. Kh2 Bc8 24. Bd3 Kh8 25. Qc2 Qe8 26. a3 Qh5 27. axb4 g5 28. fxg5 Nxg5 29. Nxg5 f4 30. Bf2 Bxg5 31. Rxa5 f3 32. Bf1 Bf4+ 33. Bg3 Bxg3+ 34. Kxg3 f2 35. Rh1 Qg5+ 36. Kh2 Rxh3+ 37. gxh3 Qf4+ 38. Kg2 Rg8+ 0-1


[Site "https://www.chess.com"]

[Event "Late Titled Tuesday Blitz February 8 2022"]
[White "Bortnyk, Olexandr"]
[Black "Izoria, Zviad"]
[WhiteFideId "14120828"]
[BlackFideId "13601733"]
[WhiteElo "2723"]
[BlackElo "2626"]
[Result "1-0"]
[Round "04"]
[TimeControl "180+1"]
[Date "2022.02.08"]
[WhiteClock "0:01:18"]
[BlackClock "0:00:14"]

1. e4 c6 2. c4 d5 3. cxd5 cxd5 4. exd5 Nf6 5. Qa4+ Nbd7 6. Nc3 g6 7. Bc4 Bg7 8. d3 O-O 9. Nf3 Nb6 10. Qb3 Bg4 11. Ne5 Qc7 12. f4 Qc5 13. Qb5 Qxb5 14. Nxb5 Bf5 15. d6 Nxc4 16. dxc4 exd6 17. Nxd6 Be6 18. O-O b6 19. b3 Rfd8 20. Nb5 Ng4 21. Bb2 Rd2 22. Bc3 Rc2 23. Rfc1 Rxc1+ 24. Rxc1 a6 25. Nc7 Rd8 26. Nxe6 fxe6 27. Nxg4 Bxc3 28. Rxc3 1-0


[Site "https://www.chess.com"]

[Event "Late Titled Tuesday Blitz February 8 2022"]
[White "Brunner, Nicolas"]
[Black "Dias, Joao Batista"]
[WhiteFideId "620246"]
[BlackFideId "2108240"]
[WhiteElo "2372"]
[BlackElo "1898"]
[Result "0-1"]
[Round "04"]
[TimeControl "180+1"]
[Date "2022.02.09"]
[WhiteClock "0:00:17"]
[BlackClock "0:00:28"]

1. d4 d5 2. c4 c6 3. Nf3 Nf6 4. e3 g6 5. Nbd2 Bg7 6. Bd3 O-O 7. O-O Bg4 8. h3 Bxf3 9. Nxf3 Nbd7 10. b3 Re8 11. Bb2 Rc8 12. Rc1 Qa5 13. Qc2 b5 14. cxb5 cxb5 15. Qxc8 Rxc8 16. Rxc8+ Bf8 17. a3 Kg7 18. b4 Qb6 19. Ne5 e6 20. Rfc1 Nxe5 21. dxe5 Ne4 22. R1c6 Qb7 23. R6c7 Qb6 24. Bd4 Qa6 25. Ra8 Qxa3 26. Raxa7 Qxd3 27. Rxf7+ Kh6 28. Rxf8 Qd1+ 29. Kh2 Nd2 30. h4 Nf1+ 31. Kh3 Nd2 32. Rff7 Qh1+ 33. Kg3 Ne4+ 34. Kf3 Nd2+ 35. Ke2 Kh5 36. Rxh7+ Kg4 37. Raf7 Qxg2 38. Rf4+ Kh3 39. Kxd2 Qf1 40. Rg7 Qb1 41. Ke2 Qc2+ 42. Kf3 Qd1# 0-1


[Site "https://www.chess.com"]

[Event "Late Titled Tuesday Blitz February 8 2022"]
[White "Bugayev, Vladimir"]
[Black "Osiecki, Stanislaw"]
[WhiteFideId "30901480"]
[BlackFideId "1102990"]
[WhiteElo "2349"]
[BlackElo "2127"]
[Result "1-0"]
[Round "04"]
[TimeControl "180+1"]
[Date "2022.02.09"]
[WhiteClock "0:00:38"]
[BlackClock "0:01:22"]

1. e4 e6 2. d4 d5 3. Bd3 dxe4 4. Bxe4 Nf6 5. Bf3 c5 6. Ne2 Nc6 7. Be3 Qb6 8. Nbc3 cxd4 9. Nxd4 Nxd4 10. Qxd4 Qxd4 11. Bxd4 Bb4 12. O-O-O O-O 13. Nb5 Ba5 14. Nd6 Bc7 15. Nxc8 Rfxc8 16. Bxb7 Bf4+ 17. Kb1 e5 18. Bxc8 Rxc8 19. Bxa7 h6 20. g3 Ra8 21. Bb6 Ra6 22. Bd8 Ne4 23. gxf4 Nxf2 24. fxe5 Nxh1 25. Rxh1 Re6 26. Bc7 Rc6 27. Bd6 f6 28. Re1 fxe5 29. Bxe5 g5 30. b4 h5 31. b5 Rc5 32. a4 Rc4 33. c3 Rxa4 34. b6 Ra6 35. Bc7 Ra5 36. c4 Ra4 37. c5 h4 38. Re5 g4 39. Kc2 Kf7 40. b7 Rb4 41. Bb6 g3 42. hxg3 hxg3 43. Rg5 Ra4 44. b8=Q 1-0


[Site "https://www.chess.com"]

[Event "Late Titled Tuesday Blitz February 8 2022"]
[White "Buscar, Michael"]
[Black "Krstulovic, Alex"]
[WhiteFideId "2603616"]
[BlackFideId "760056"]
[WhiteElo "2010"]
[BlackElo "2193"]
[Result "1-0"]
[Round "04"]
[TimeControl "180+1"]
[Date "2022.02.09"]
[WhiteClock "0:00:37"]
[BlackClock "0:00:01"]

1. c4 Nf6 2. g3 e6 3. Bg2 d5 4. Nf3 dxc4 5. Qa4+ c6 6. Qxc4 b5 7. Qc2 Bb7 8. O-O Nbd7 9. d4 Rc8 10. Rd1 c5 11. dxc5 Bxc5 12. Qb3 Qb6 13. e3 Bd5 14. Qd3 Bc4 15. Qd2 O-O 16. b3 Bd5 17. Bb2 Ne4 18. Qe2 Ndf6 19. Nc3 Nxf2 20. Nxd5 exd5 21. Kxf2 Ng4+ 22. Kg1 Bxe3+ 23. Kf1 Rfe8 24. h3 Bc5 25. Qxe8+ Rxe8 26. hxg4 b4 27. Nd4 Qa6+ 28. Kg1 Re2 29. Bf1 h5 30. Rd2 Qb6 31. Bxe2 hxg4 32. Bxg4 Qh6 33. Rad1 1-0


[Site "https://www.chess.com"]

[Event "Late Titled Tuesday Blitz February 8 2022"]
[White "Carbone, Diego"]
[Black "Holt, Conrad"]
[WhiteFideId "3002179"]
[BlackFideId "2034387"]
[WhiteElo "2199"]
[BlackElo "2586"]
[Result "0-1"]
[Round "04"]
[TimeControl "180+1"]
[Date "2022.02.08"]
[WhiteClock "0:00:39"]
[BlackClock "0:01:53"]

1. d4 d5 2. c4 c6 3. Nf3 Nf6 4. e3 Bf5 5. Nc3 e6 6. Nh4 Bg6 7. Be2 Nbd7 8. O-O Ne4 9. g3 Nd6 10. c5 Nf5 11. Nxg6 hxg6 12. b4 e5 13. dxe5 a5 14. e4 axb4 15. exf5 bxc3 16. e6 fxe6 17. fxe6 Nxc5 18. Be3 Nxe6 19. Qc2 Kf7 20. Bd3 Qf6 21. f4 Bc5 22. Rae1 Bxe3+ 23. Rxe3 Nc5 24. Rfe1 Nxd3 25. Qxd3 Rhe8 26. Qxc3 Qxc3 0-1


[Site "https://www.chess.com"]

[Event "Late Titled Tuesday Blitz February 8 2022"]
[White "Caruana, Fabiano"]
[Black "Nogerbek, Kazybek"]
[WhiteFideId "2020009"]
[BlackFideId "13710427"]
[WhiteElo "2744"]
[BlackElo "2478"]
[Result "0-1"]
[Round "04"]
[TimeControl "180+1"]
[Date "2022.02.08"]
[WhiteClock "0:00:05"]
[BlackClock "0:00:07"]

1. c4 e6 2. Nc3 d5 3. d4 Nf6 4. cxd5 exd5 5. Bg5 c6 6. e3 Be7 7. Bd3 h6 8. Bf4 Na6 9. Nf3 Nc7 10. O-O O-O 11. Ne5 Bd6 12. Bg3 Ne6 13. f4 c5 14. Nb5 Be7 15. f5 Ng5 16. Ng4 Nge4 17. Nxf6+ Nxf6 18. Nc7 Rb8 19. Ne6 fxe6 20. Bxb8 c4 21. Bc2 exf5 22. Bg3 Qb6 23. Rb1 g6 24. Qf3 Be6 25. h3 Qa5 26. a3 Qd2 27. Rf2 Qa5 28. Be5 Qd8 29. Rbf1 h5 30. Qf4 Kh7 31. Qg3 h4 32. Qf3 Nh5 33. Qe2 Bd6 34. Qd2 Qc7 35. Bxd6 Qxd6 36. Qb4 Qxb4 37. axb4 Ng3 38. Ra1 a6 39. Bd1 Rd8 40. Bf3 Rd6 41. Rc2 Rb6 42. Ra4 Kg7 43. Kf2 Kf6 44. Rc3 g5 45. b3 g4 46. bxc4 gxf3 47. gxf3 dxc4 48. Rc2 Bd7 49. Ra5 Rxb4 50. Rd5 Ba4 51. Ra2 c3 52. Rc5 c2 53. Rc7 Rb1 54. Raxc2 Bxc2 55. Rxc2 a5 56. Rc8 a4 57. Ra8 b5 58. Ra6+ Ke7 59. d5 Rb2+ 60. Ke1 Re2+ 61. Kd1 Rxe3 0-1


[Site "https://www.chess.com"]

[Event "Late Titled Tuesday Blitz February 8 2022"]
[White "Chabris, Christopher"]
[Black "Glavina, Pablo"]
[WhiteFideId "2005263"]
[BlackFideId "100234"]
[WhiteElo "2311"]
[BlackElo "2369"]
[Result "0-1"]
[Round "04"]
[TimeControl "180+1"]
[Date "2022.02.09"]
[WhiteClock "0:00:01"]
[BlackClock "0:00:52"]

1. e4 Nf6 2. e5 Nd5 3. d4 d6 4. c4 Nb6 5. exd6 cxd6 6. Nc3 g6 7. Be3 Bg7 8. Rc1 O-O 9. b3 e5 10. dxe5 dxe5 11. c5 N6d7 12. Bc4 Nc6 13. h4 Nd4 14. b4 a5 15. a3 axb4 16. axb4 b6 17. c6 Nxc6 18. Qf3 Bb7 19. h5 e4 20. Qh3 g5 21. Nge2 Nce5 22. h6 Bf6 23. Bb5 Qe7 24. Ng3 Kh8 25. O-O Nd3 26. Bxd7 Nxc1 27. Rxc1 Rad8 28. Bf5 Qxb4 29. Ncxe4 Bb2 30. Rf1 f6 31. Nh5 Bxe4 32. Bxe4 Qxe4 0-1


[Site "https://www.chess.com"]

[Event "Late Titled Tuesday Blitz February 8 2022"]
[White "Chernomordik, Pavel"]
[Black "Rudzinska, Michalina"]
[WhiteFideId "2804530"]
[BlackFideId "1172883"]
[WhiteElo "2249"]
[BlackElo "1904"]
[Result "1-0"]
[Round "04"]
[TimeControl "180+1"]
[Date "2022.02.09"]
[WhiteClock "0:00:44"]
[BlackClock "0:00:03"]

1. e4 b5 2. Bxb5 c6 3. Be2 e5 4. Nf3 Bd6 5. d4 exd4 6. Qxd4 Bf8 7. O-O Nf6 8. e5 Nd5 9. Bc4 Nc7 10. Ng5 Ne6 11. Qg4 h5 12. Qf5 Qe7 13. Nc3 g6 14. Qf6 Qxf6 15. exf6 d5 16. Bd3 Bd6 17. Re1 O-O 18. Nxe6 Bxe6 19. Bxg6 fxg6 20. Rxe6 Bb4 21. Bh6 Rd8 22. a3 Bxc3 23. bxc3 Kf7 24. Rae1 Nd7 25. Re7+ Kxf6 26. Bg7+ Kf5 27. Rf7+ Kg5 28. Ree7 Re8 29. g3 Rxe7 30. Rxe7 Rd8 31. f4+ Kf5 32. Kg2 g5 33. Kf3 gxf4 34. gxf4 Kg6 35. Bd4 c5 36. Bf2 Nf6 37. Bh4 Ne4 38. Rxa7 Rb8 39. Ra6+ Kf5 40. Rh6 Nd2+ 41. Ke3 Nc4+ 42. Kf3 Nd2+ 43. Kf2 Ne4+ 44. Kg2 Rg8+ 45. Kf1 Kxf4 46. Rxh5 Ke3 47. Rxd5 Nd2+ 48. Rxd2 Kxd2 49. Bf2 c4 50. Bd4 Kxc2 51. a4 Ra8 52. h4 Rxa4 53. Kg2 Ra6 54. Kg3 Kd3 55. h5 Ke4 56. Kg4 Ra8 57. h6 Rg8+ 58. Kh5 Kf5 59. h7 Rg2 60. Kh6 Rh2+ 61. Kg7 Rg2+ 62. Kf7 Rh2 63. h8=Q 1-0


[Site "https://www.chess.com"]

[Event "Late Titled Tuesday Blitz February 8 2022"]
[White "Costachi, Mihnea"]
[Black "Paravyan, David"]
[WhiteFideId "1217518"]
[BlackFideId "4194985"]
[WhiteElo "2464"]
[BlackElo "2569"]
[Result "1/2-1/2"]
[Round "04"]
[TimeControl "180+1"]
[Date "2022.02.08"]
[WhiteClock "0:01:08"]
[BlackClock "0:01:42"]

1. d4 Nf6 2. Bg5 d5 3. e3 c5 4. c3 Qb6 5. Qb3 Nc6 6. Nd2 e6 7. Bxf6 gxf6 8. Bb5 Bd7 9. Bxc6 Bxc6 10. Qxb6 axb6 11. a3 Rg8 12. g3 Bd6 13. Ne2 Bb5 14. Rc1 Ke7 15. c4 dxc4 16. Nxc4 Bxc4 17. Rxc4 b5 18. Rc2 cxd4 19. Nxd4 b4 20. Nb5 Rgc8 21. Rxc8 Rxc8 22. Kd2 bxa3 23. Nxd6 Kxd6 24. bxa3 Ra8 25. Rb1 Kc7 26. Rb3 f5 27. Kd3 Ra4 28. h4 b6 29. Ke2 Kc6 30. Kd3 b5 31. Rc3+ Kd6 32. Kc2 b4 33. axb4 Rxb4 34. Kd2 Ke7 35. Ke2 Kf6 36. Kf3 Kg7 37. Rc5 Ra4 38. Rb5 Rc4 39. Re5 Ra4 40. Rb5 Rc4 41. Ra5 Rb4 42. Rc5 Ra4 43. Rb5 1/2-1/2


[Site "https://www.chess.com"]